[Event "Titled Tuesday Blitz January 17 Early 2023"]
[White "Marn, Jan"]
[Black "Karthik Rajaa"]
[WhiteFideId "14619245"]
[BlackFideId "25035215"]
[WhiteElo "2345"]
[BlackElo "2276"]
[Result "0-1"]
[Round "01"]
[TimeControl "180+2"]
[Date "2023.01.17"]
[WhiteClock "0:00:01"]
[BlackClock "0:00:11"]

1. d4 Nf6 2. Nf3 g6 3. c4 Bg7 4. Nc3 O-O 5. g3 d6 6. Bg2 c5 7. dxc5 dxc5 8. O-O Nc6 9. Be3 Be6 10. Qa4 Nd4 11. Rfd1 Bd7 12. Qa3 Nc2 13. Qxc5 Nxa1 14. Rxa1 Bc6 15. Rd1 Qc8 16. Qxe7 Re8 17. Qb4 Rd8 18. Rxd8+ Qxd8 19. Ne5 Bxg2 20. Kxg2 b6 21. Nc6 Qd7 22. Ne7+ Kh8 23. Ned5 Nxd5 24. Nxd5 Rc8 25. b3 Qb7 26. a4 Re8 27. Qd2 Qd7 28. Bd4 Qc6 29. Qc3 Bxd4 30. Qxd4+ f6 31. e4 Kg7 32. f4 Rf8 33. e5 fxe5 34. Qxe5+ Kg8 35. Kf1 Qc5 36. h4 Rd8 37. h5 Qd6 38. hxg6 hxg6 39. Qe4 Kg7 40. Qd4+ Kf7 41. Qe4 Re8 42. Qf3 Qe6 43. Kg2 Qe2+ 44. Qxe2 Rxe2+ 45. Kf3 Rb2 46. b4 Ra2 47. a5 bxa5 48. bxa5 Rxa5 49. Ke4 Ra3 50. g4 Rb3 51. f5 gxf5+ 52. gxf5 a5 53. Kd4 a4 54. Nc3 a3 55. c5 Rb4+ 56. Kd3 Ra4 57. c6 a2 58. c7 a1=Q 59. c8=Q Qf1+ 60. Kc2 Qf2+ 61. Kb3 Ra7 62. Qe6+ Kf8 63. Qd6+ Kg7 64. Qg6+ Kf8 0-1


[Site "https://www.chess.com"]

[Event "Titled Tuesday Blitz January 17 Early 2023"]
[White "Maksimovic, Bojan"]
[Black "Dudzinski, Pawel"]
[WhiteFideId "14408120"]
[BlackFideId "1117890"]
[WhiteElo "2486"]
[BlackElo "2186"]
[Result "1-0"]
[Round "01"]
[TimeControl "180+2"]
[Date "2023.01.17"]
[WhiteClock "0:00:54"]
[BlackClock "0:00:11"]

1. Nf3 g6 2. d4 f5 3. Nc3 d5 4. h4 Nf6 5. h5 Nxh5 6. Rxh5 gxh5 7. e3 Bg7 8. Ng5 O-O 9. Qxh5 h6 10. Nh3 e6 11. Nf4 Qg5 12. Qh2 c5 13. e4 fxe4 14. Nfxd5 Qd8 15. Nc7 e5 16. Nxa8 cxd4 17. Bc4+ Kh7 18. Nxe4 Nc6 19. Ng5+ Kh8 20. Nf7+ Rxf7 21. Bxf7 Bf5 22. Bxh6 Qxa8 23. Bd2+ Bh7 24. Bg6 Qg8 25. O-O-O Ne7 26. Be4 Bf6 27. Rh1 Ng6 28. Qh6 Qg7 29. Bxg6 Qxh6 30. Rxh6 Kg7 31. Bxh7 1-0


[Site "https://www.chess.com"]

[Event "Titled Tuesday Blitz January 17 Early 2023"]
[White "Degenbaev, Aziz"]
[Black "Sychev, Klementy"]
[WhiteFideId "13802640"]
[BlackFideId "4114060"]
[WhiteElo "2203"]
[BlackElo "2547"]
[Result "0-1"]
[Round "01"]
[TimeControl "180+2"]
[Date "2023.01.17"]
[WhiteClock "0:00:01"]
[BlackClock "0:00:40"]

1. e4 e5 2. Nf3 Nc6 3. Bc4 Nf6 4. d3 Bc5 5. O-O O-O 6. c3 d6 7. a4 a5 8. h3 h6 9. Bb3 Ba7 10. Re1 Be6 11. Be3 Bxe3 12. Rxe3 d5 13. exd5 Nxd5 14. Bxd5 Qxd5 15. Na3 f6 16. Nb5 Rf7 17. Qe2 Bf5 18. d4 e4 19. Nd2 Re8 20. Re1 Rfe7 21. Qc4 Qxc4 22. Nxc4 Be6 23. Nd2 f5 24. f3 Bd5 25. fxe4 fxe4 26. c4 Bf7 27. d5 Nb4 28. Rxe4 Rxe4 29. Rxe4 Rxe4 30. Nxe4 c6 31. dxc6 bxc6 32. Nbd6 Nd3 33. Nb7 Bxc4 34. Nxa5 Bd5 35. Nc3 Nxb2 36. Nxd5 cxd5 37. Nb3 Nxa4 38. Kf2 Kf7 39. Ke3 Ke6 40. Kd4 Kd6 41. Nc1 Nc5 42. Ne2 Ne6+ 43. Ke3 Ke5 44. g3 h5 45. h4 g6 46. Kd3 Kf5 0-1


[Site "https://www.chess.com"]

[Event "Titled Tuesday Blitz January 17 Early 2023"]
[White "Cherniaiev, Tykhon"]
[Black "Donskov, Anatoly"]
[WhiteFideId "14182360"]
[BlackFideId "24143413"]
[WhiteElo "2330"]
[BlackElo "2279"]
[Result "1-0"]
[Round "01"]
[TimeControl "180+2"]
[Date "2023.01.17"]
[WhiteClock "0:00:03"]
[BlackClock "0:00:02"]

1. Nf3 d5 2. d4 Nf6 3. c4 dxc4 4. e3 e6 5. Bxc4 c5 6. O-O a6 7. a4 cxd4 8. exd4 Nc6 9. Nc3 Be7 10. d5 exd5 11. Nxd5 Nxd5 12. Bxd5 O-O 13. Bf4 Bf5 14. Ne5 Nxe5 15. Bxe5 Qa5 16. Qf3 Rad8 17. Rfd1 Bg6 18. Bc3 Bb4 19. Bxb7 Rxd1+ 20. Qxd1 Bxc3 21. bxc3 Rb8 22. Qf3 h5 23. h3 h4 24. c4 Bh5 25. Qd5 Qc3 26. Rf1 Be2 27. Rb1 Bxc4 28. Qd6 Rf8 29. Bf3 Be6 30. Qxa6 Qc2 31. Qb5 Rd8 32. a5 Rd2 33. a6 Rxf2 34. a7 1-0


[Site "https://www.chess.com"]

[Event "Titled Tuesday Blitz January 17 Early 2023"]
[White "Castellanos Gomez, Alejandro"]
[Black "Krivonosov, Oleg"]
[WhiteFideId "22284141"]
[BlackFideId "11600349"]
[WhiteElo "2253"]
[BlackElo "2359"]
[Result "1-0"]
[Round "01"]
[TimeControl "180+2"]
[Date "2023.01.17"]
[WhiteClock "0:00:03"]
[BlackClock "0:00:07"]

1. d4 d5 2. Bf4 e6 3. e3 Bd6 4. Bg3 Nf6 5. Nd2 c5 6. c3 Qc7 7. Bd3 Nbd7 8. f4 O-O 9. Qf3 b6 10. Ne2 Bb7 11. Bh4 c4 12. Bc2 b5 13. a3 a5 14. O-O b4 15. axb4 axb4 16. Qh3 Rxa1 17. Rxa1 b3 18. Bb1 Ra8 19. Rxa8+ Bxa8 20. Ng3 Qa5 21. Bxf6 Nxf6 22. Nh5 Nxh5 23. Qxh5 g6 24. Qd1 Qa1 25. Qc1 Bc6 26. Kf1 Qa8 27. Nf3 f5 28. Ke2 Be8 29. Kd2 Be7 30. Qe1 Bf6 31. Kc1 Qd8 32. h3 h5 33. g3 Qe7 34. Qg1 Qh7 35. Qg2 Qh6 36. h4 Qg7 37. Nd2 Bb5 38. Qe2 Qd7 39. Nf3 Kf7 40. Qf2 Qc6 41. Qf1 Qa6 42. Qf2 Qa1 43. Ne5+ Bxe5 44. fxe5 Qa8 45. Qf4 Qd8 46. Qh6 Qg8 47. Qg5 Qh8 48. Kd2 Bd7 49. Ke2 Be8 50. Qd8 Qf8 51. Qf6+ Kg8 52. Qxe6+ Qf7 53. Qd6 Bd7 54. Kf3 Qe6 55. Kf4 Kf7 56. Kg5 Kg7 57. Kf4 Kf7 58. Qc7 Kg7 59. Qd8 Be8 60. Kg5 Kf7 61. Kf4 Kg7 62. Qc7+ Kf8 63. Qc5+ Kg7 64. Qc7+ Kf8 65. Qh7 Qf7 66. Qh6+ Qg7 67. Qg5 Qe7 68. Bxf5 gxf5 69. Qxe7+ Kxe7 70. Kxf5 Bd7+ 71. Kg5 Bg4 72. Kf4 Ke6 73. e4 Bh3 74. exd5+ Kxd5 75. Kg5 Ke4 76. Kxh5 Kd3 77. Kg5 Kc2 78. h5 Kxb2 79. h6 Kxc3 80. h7 b2 81. h8=Q b1=Q 82. Qxh3 Qe4 83. e6 Kxd4 84. Qg4 c3 85. Qxe4+ Kxe4 86. e7 c2 87. e8=Q+ Kf3 88. Qc8 1-0


[Site "https://www.chess.com"]

[Event "Titled Tuesday Blitz January 17 Early 2023"]
[White "Bruned, Yvain"]
[Black "Postny, Evgeny"]
[WhiteFideId "2250292"]
[BlackFideId "2804344"]
[WhiteElo "2286"]
[BlackElo "2549"]
[Result "1/2-1/2"]
[Round "01"]
[TimeControl "180+2"]
[Date "2023.01.17"]
[WhiteClock "0:00:34"]
[BlackClock "0:00:10"]

1. b3 d5 2. Bb2 Nf6 3. e3 Bg4 4. Nf3 e6 5. Be2 Nbd7 6. O-O Bd6 7. d4 O-O 8. c4 c6 9. Ba3 Bxa3 10. Nxa3 Ne4 11. Nb1 a5 12. Nfd2 Bxe2 13. Qxe2 f5 14. f4 a4 15. Nxe4 fxe4 16. Nc3 a3 17. c5 b6 18. cxb6 Qxb6 19. Na4 Qb5 20. Qc2 Rfc8 21. Rac1 Ra5 22. Qd2 Qa6 23. Rc2 Rxa4 24. bxa4 Nb6 25. Qb4 Nc4 26. Rxc4 dxc4 27. Rc1 c3 28. Qxc3 Qe2 29. Qxa3 Rb8 30. Kh1 Rb2 31. Rg1 h6 32. Qd6 Qxe3 33. Qxe6+ Kh8 34. Qc8+ Kh7 35. Qf5+ Kg8 36. Qe6+ Kh7 37. Qf5+ Kg8 38. Qe6+ 1/2-1/2


[Site "https://www.chess.com"]

[Event "Titled Tuesday Blitz January 17 Early 2023"]
[White "Vakhlamov, Igor L."]
[Black "Aslanov, Umid"]
[WhiteFideId "24126748"]
[BlackFideId "13412620"]
[WhiteElo "2413"]
[BlackElo "2273"]
[Result "0-1"]
[Round "01"]
[TimeControl "180+2"]
[Date "2023.01.17"]
[WhiteClock "0:00:02"]
[BlackClock "0:00:10"]

1. e4 c5 2. Nf3 d6 3. Nc3 Nf6 4. d4 cxd4 5. Qxd4 e6 6. e5 dxe5 7. Qxd8+ Kxd8 8. Nxe5 Ke8 9. Bb5+ Nbd7 10. Bg5 a6 11. Nxd7 Nxd7 12. Be2 Bb4 13. Bd2 f6 14. a3 Bd6 15. Ne4 Bc7 16. Bb4 Kf7 17. Nd6+ Bxd6 18. Bxd6 b5 19. O-O-O Bb7 20. f3 Rac8 21. h4 Rc6 22. Bf4 Nb6 23. Kb1 Rhc8 24. c3 Nd5 25. Bc1 Rc5 26. Rhe1 a5 27. Bd3 g6 28. g4 e5 29. h5 b4 30. cxb4 axb4 31. a4 Ra5 32. Be4 Ke6 33. hxg6 hxg6 34. Bxg6 Ne7 35. Be4 Bxe4+ 36. Rxe4 Rxa4 37. b3 Ra6 38. Bb2 Nd5 39. g5 Nc3+ 40. Bxc3 bxc3 41. Rde1 Ra3 42. Rb4 fxg5 43. Rb5 Kf6 44. Re2 Rc6 45. Rbxe5 Rxb3+ 46. Kc1 Ra3 47. R5e3 Kf5 48. Kc2 Kf4 49. Re5 Kxf3 50. R2e3+ Kf4 51. R3e4+ Kg3 52. Re3+ Kh4 53. R3e4+ Kh5 54. Re1 Ra2+ 55. Kd3 c2 56. Rg1 c1=Q 57. Rexg5+ Qxg5 0-1


[Site "https://www.chess.com"]

[Event "Titled Tuesday Blitz January 17 Early 2023"]
[White "Mamedov, Edgar"]
[Black "Aradhya, Garg"]
[WhiteFideId "13739980"]
[BlackFideId "25006746"]
[WhiteElo "2193"]
[BlackElo "2284"]
[Result "1-0"]
[Round "01"]
[TimeControl "180+2"]
[Date "2023.01.17"]
[WhiteClock "0:00:10"]
[BlackClock "0:00:10"]

1. Nf3 Nf6 2. d4 d5 3. c4 c6 4. cxd5 cxd5 5. Nc3 Nc6 6. Bf4 Bf5 7. e3 e6 8. Bd3 Bxd3 9. Qxd3 Bd6 10. Bxd6 Qxd6 11. O-O O-O 12. Rac1 Rfc8 13. a3 Na5 14. Ne5 Nc4 15. Nb5 Qb6 16. Nxc4 Qxb5 17. Ne5 Qxd3 18. Nxd3 Ne4 19. Rfd1 Kf8 20. f3 Nd6 21. Kf2 Ke7 22. Ke2 a5 23. a4 f6 24. b3 b6 25. Rxc8 Rxc8 26. Rc1 Rxc1 27. Nxc1 Kd7 28. Nd3 Nb7 29. Kd2 Nd6 30. Kc3 Nf5 31. Kd2 Nh4 32. Ne1 Kc6 33. g3 Nf5 34. Nd3 g5 35. Nf2 Kd6 36. Kd3 Ke7 37. e4 Nd6 38. exd5 exd5 39. Nd1 Ke6 40. Nc3 h5 41. Ke3 Nf5+ 42. Kd3 Ne7 43. Nb5 Kd7 44. Nc3 Kc6 45. Ke3 Nf5+ 46. Kd3 h4 47. g4 Ng7 48. Ke3 f5 49. Ne2 fxg4 50. fxg4 Ne8 51. h3 Nf6 52. Nc3 Ne8 53. Ne2 Nd6 54. Nc3 b5 55. Kd3 b4 56. Ne2 Ne4 57. Ke3 Kd6 58. Ng1 Ke6 59. Nf3 Kf6 60. Ne5 Nc3 61. Nc6 Nd1+ 62. Ke2 Nc3+ 63. Kd3 Nd1 64. Ke2 Nc3+ 65. Kf3 Na2 66. Nxa5 Nc1 67. Ke3 Ke6 68. Kd2 Na2 69. Kc2 Kd6 70. Nb7+ Kc6 71. Nd8+ Kd7 72. Nf7 Nc3 73. Nxg5 Ne2 74. Nf3 Nf4 75. Nxh4 Nxh3 76. Nf3 Nf4 77. g5 Ke6 78. Ne5 Kf5 79. g6 Ne6 80. a5 Nxd4+ 81. Kd3 Ne6 82. a6 Nc5+ 83. Kd4 Nxb3+ 84. Kxd5 Nd4 85. Kxd4 b3 86. Kc3 Kxe5 87. Kxb3 Kf6 88. a7 Kxg6 89. a8=Q Kf5 90. Kc4 Kg4 91. Kd4 Kg3 92. Qe4 Kf2 93. Qe3+ Kg2 94. Ke4 Kf1 95. Qd2 Kg1 96. Kf3 Kf1 97. Qf2# 1-0


[Site "https://www.chess.com"]

[Event "Titled Tuesday Blitz January 17 Early 2023"]
[White "Rozman, Levy"]
[Black "Garv Gaur"]
[WhiteFideId "2039877"]
[BlackFideId "45030839"]
[WhiteElo "2322"]
[BlackElo "2006"]
[Result "1-0"]
[Round "01"]
[TimeControl "180+2"]
[Date "2023.01.17"]
[WhiteClock "0:00:58"]
[BlackClock "0:00:02"]

1. d4 d5 2. Bg5 Nf6 3. Bxf6 exf6 4. e3 Be6 5. g3 c6 6. Bg2 Bd6 7. Ne2 O-O 8. O-O Qc7 9. Qd3 Re8 10. Nd2 Nd7 11. c4 dxc4 12. Nxc4 Nb6 13. b3 Rad8 14. Rac1 Qd7 15. Nxd6 Qxd6 16. Nf4 Nd5 17. Nxe6 Qxe6 18. Rc5 Nb6 19. a4 Qe7 20. Rfc1 Nd7 21. R5c2 Ne5 22. Qe2 Ng6 23. Qh5 Qb4 24. Rc3 Ne7 25. Qc5 Qb6 26. b4 Nd5 27. Rb3 Qa6 28. a5 Qe2 29. Qxa7 Nxe3 30. fxe3 Rxe3 31. Rbb1 Ra3 32. Qxb7 Ra2 33. Qxc6 Qf2+ 34. Kh1 Rf8 35. Qf3 Qxd4 36. Rd1 Qa7 37. Ra1 Rf2 38. Qb7 Qe3 39. a6 h5 40. a7 h4 41. a8=Q hxg3 42. Qxf8+ Kxf8 43. Rd8+ 1-0


[Site "https://www.chess.com"]

[Event "Titled Tuesday Blitz January 17 Early 2023"]
[White "Bon, Michael"]
[Black "Lortkipanidze, Nodar"]
[WhiteFideId "620696"]
[BlackFideId "13604058"]
[WhiteElo "2394"]
[BlackElo "2406"]
[Result "0-1"]
[Round "01"]
[TimeControl "180+2"]
[Date "2023.01.17"]
[WhiteClock "0:00:03"]
[BlackClock "0:01:48"]

1. e4 c5 2. Nf3 Nc6 3. d4 cxd4 4. Nxd4 g6 5. c4 Nf6 6. Nc3 d6 7. Nc2 Bg7 8. Be2 O-O 9. O-O Be6 10. Be3 Qa5 11. Qd2 Rfc8 12. Rac1 Nd7 13. Nd4 Nc5 14. f4 Nxe4 15. Nxc6 Nxd2 16. Nxa5 Nxf1 17. Kxf1 b6 18. Nb3 Bxc4 19. Bxc4 Rxc4 20. Ke2 e6 21. Kd3 d5 22. Bd4 a6 23. Bxg7 Kxg7 24. Ne2 b5 25. Nbd4 Rac8 26. Rc2 h6 27. b3 Rxc2 28. Nxc2 g5 29. g3 Kf6 30. Ne3 Ke7 31. b4 f6 32. Nd4 gxf4 33. gxf4 Kd6 34. Nb3 h5 35. Nc5 a5 36. a3 axb4 37. axb4 Ra8 38. f5 e5 39. Nf1 Ra3+ 40. Ke2 d4 41. Ng3 h4 42. Nge4+ Ke7 43. Nd3 Ra2+ 44. Kf3 Rxh2 45. Nec5 h3 46. Kg3 Rh1 47. Ne4 h2 48. Nef2 Rg1+ 49. Kxh2 Rg5 50. Ne4 Rxf5 51. Kg3 Rh5 52. Kg4 Rh1 53. Kf5 Rf1+ 54. Nef2 Kd6 55. Ke4 f5+ 56. Kxf5 Kd5 57. Kg4 e4 58. Nf4+ Ke5 59. Kg3 Rxf2 60. Kxf2 Kxf4 0-1


[Site "https://www.chess.com"]

[Event "Titled Tuesday Blitz January 17 Early 2023"]
[White "Harshavardhan G B"]
[Black "Luukkonen, Tommi"]
[WhiteFideId "25059009"]
[BlackFideId "501808"]
[WhiteElo "2408"]
[BlackElo "2292"]
[Result "1-0"]
[Round "01"]
[TimeControl "180+2"]
[Date "2023.01.17"]
[WhiteClock "0:01:07"]
[BlackClock "0:01:51"]

1. Nf3 g6 2. d4 Bg7 3. c4 d6 4. Nc3 Nf6 5. e4 O-O 6. Be2 e5 7. d5 a5 8. Bg5 h6 9. Be3 Na6 10. Nd2 Nc5 11. b3 Nh7 12. a3 f5 13. f3 h5 14. b4 axb4 15. axb4 Rxa1 16. Qxa1 Na6 17. Qa3 g5 18. c5 f4 19. Bf2 g4 20. cxd6 cxd6 21. Nc4 Ng5 22. b5 Nc5 23. Nxd6 b6 24. Bxc5 bxc5 25. Qxc5 Bd7 26. b6 Qa8 27. O-O Rb8 28. b7 Rxb7 29. Nxb7 Qxb7 30. Rb1 Qa8 31. Qc7 1-0


[Site "https://www.chess.com"]

[Event "Titled Tuesday Blitz January 17 Early 2023"]
[White "Jumanov, Elbek"]
[Black "Mikhailovsky, Vladimir"]
[WhiteFideId "14202905"]
[BlackFideId "34105414"]
[WhiteElo "2155"]
[BlackElo "2215"]
[Result "0-1"]
[Round "01"]
[TimeControl "180+2"]
[Date "2023.01.17"]
[WhiteClock "0:00:53"]
[BlackClock "0:00:55"]

1. c4 b6 2. g3 Bb7 3. Nf3 g6 4. Bg2 Bg7 5. O-O Nf6 6. Nc3 O-O 7. a3 Ne4 8. Nxe4 Bxe4 9. d3 Bb7 10. Rb1 d5 11. cxd5 Bxd5 12. Qc2 c5 13. b4 cxb4 14. axb4 Nd7 15. Bb2 Rc8 16. Qd2 Bxf3 17. Bxf3 Ne5 18. Bg2 Nc4 19. Qd1 Nxb2 20. Qb3 Qd4 21. Qa3 b5 22. Bb7 Rc7 23. Ba6 Qb6 24. Qa5 Rb8 0-1


[Site "https://www.chess.com"]

[Event "Titled Tuesday Blitz January 17 Early 2023"]
[White "Mahdavi, Reza"]
[Black "Becerra, Juan David"]
[WhiteFideId "12595926"]
[BlackFideId "4404998"]
[WhiteElo "2339"]
[BlackElo "2382"]
[Result "1-0"]
[Round "01"]
[TimeControl "180+2"]
[Date "2023.01.17"]
[WhiteClock "0:00:08"]
[BlackClock "0:00:08"]

1. e4 e5 2. Nf3 Nc6 3. Nc3 Nf6 4. d4 exd4 5. Nxd4 Nxe4 6. Nxe4 Qe7 7. Bd3 Nxd4 8. O-O Ne6 9. Re1 d5 10. Bg5 Qd7 11. Nc3 Bb4 12. Qh5 Kf8 13. Bd2 c6 14. a3 Be7 15. f4 Bf6 16. f5 Nc5 17. g4 Nxd3 18. cxd3 g6 19. Qh6+ Bg7 20. Qe3 gxf5 21. Nxd5 f6 22. Bb4+ Kf7 23. Qe7+ Qxe7 24. Rxe7+ Kg6 25. Nf4+ Kg5 26. Nh3+ Kg6 27. Nf4+ Kg5 28. Bd2 Rg8 29. Nh3+ Kxg4 30. Nf4 Bh6 31. Kh1 Bxf4 32. Rg1+ Kf3 33. Rf1+ Kg4 34. Rxf4+ Kh5 35. Rf3 f4 36. Rxf4 Bg4 37. Rxh7+ Kg6 38. Rxb7 Be6 39. Kg1 Rab8 40. Rxb8 Rxb8 41. Bc3 Bf5 42. Kf2 Rd8 43. h4 Rxd3 44. Rc4 Bd7 45. Rf4 Rd6 46. Kg3 Bf5 47. Ra4 Rd7 48. Ra5 Be4 49. h5+ Kh7 50. Bxf6 Bd5 51. Bc3 Kh6 52. Kh4 Re7 53. Bd2+ Kh7 54. Ra4 Re2 55. Bc3 Rh2+ 56. Kg5 Bf7 57. Rxa7 Kg8 58. h6 Rg2+ 59. Kf6 Rg6+ 60. Kf5 Rxh6 61. Ra8+ Be8 62. Rxe8+ Kf7 63. Rh8 Rd6 64. Rh7+ Ke8 65. Ke5 Rd5+ 66. Ke6 Kd8 67. Be5 Kc8 68. Rc7+ Kd8 69. Rxc6 1-0


[Site "https://www.chess.com"]

[Event "Titled Tuesday Blitz January 17 Early 2023"]
[White "Dinu, Dumitru-Daniel"]
[Black "Salimova, Nurgyul"]
[WhiteFideId "1208403"]
[BlackFideId "2915138"]
[WhiteElo "2203"]
[BlackElo "2391"]
[Result "0-1"]
[Round "01"]
[TimeControl "180+2"]
[Date "2023.01.17"]
[WhiteClock "0:00:05"]
[BlackClock "0:00:08"]

1. e4 Nf6 2. e5 Nd5 3. c4 Nb6 4. d4 d6 5. f4 dxe5 6. fxe5 Bf5 7. Nc3 e6 8. Be3 Bb4 9. Nf3 c5 10. Be2 Nc6 11. dxc5 Qxd1+ 12. Kxd1 Nd7 13. Nb5 O-O 14. Nbd4 Be4 15. Nxc6 Bxc6 16. Kc2 Nxc5 17. Bxc5 Bxc5 18. Rad1 Rfd8 19. b3 h6 20. Rd3 Be4 21. Rd1 g5 22. Kc3 Bxd3 23. Bxd3 a5 24. h3 Kg7 25. Kc2 Rd7 26. Nd2 Rad8 27. Ne4 Bd4 28. Nd6 Bxe5 29. Nb5 f5 30. a3 Kf6 31. b4 axb4 32. axb4 h5 33. Na3 h4 34. b5 b6 35. Nb1 g4 36. hxg4 fxg4 37. Be2 Rxd1 38. Bxd1 h3 39. gxh3 gxh3 40. Bf3 Kg5 41. Nd2 Kf4 42. Bc6 h2 43. Nf1 Kg5 44. Kc1 Rc8 45. Nxh2 Bxh2 46. Kc2 Bd6 47. Kd3 Bc5 48. Ke4 Kf6 49. Bb7 Rd8 50. Bc6 Rd4+ 51. Ke3 Ke5 52. Kf3 Rxc4 0-1


[Site "https://www.chess.com"]

[Event "Titled Tuesday Blitz January 17 Early 2023"]
[White "Wagh Suyog"]
[Black "Rengifo Blancas, Renzo Jhonathan"]
[WhiteFideId "25071688"]
[BlackFideId "3807185"]
[WhiteElo "2313"]
[BlackElo "2131"]
[Result "1-0"]
[Round "01"]
[TimeControl "180+2"]
[Date "2023.01.17"]
[WhiteClock "0:00:53"]
[BlackClock "0:00:21"]

1. d4 d5 2. c4 c6 3. e3 Nf6 4. Nf3 Bf5 5. Nc3 e6 6. Nh4 Be4 7. Qb3 Qb6 8. f3 Bg6 9. Nxg6 hxg6 10. Bd2 Nbd7 11. O-O-O Bd6 12. h3 Qxb3 13. axb3 Bb4 14. Bd3 O-O 15. g4 Rfe8 16. f4 a6 17. Kc2 b5 18. c5 a5 19. Rdg1 a4 20. bxa4 bxa4 21. Ra1 a3 22. b3 Reb8 23. Rhb1 Ne8 24. Ra2 Ra5 25. Rba1 Rba8 26. Nb1 Bxd2 27. Kxd2 Nc7 28. Rxa3 Rxa3 29. Rxa3 Rxa3 30. Nxa3 Kf8 31. g5 f6 32. Bxg6 Ke7 33. Bd3 e5 34. Bf5 Nf8 35. Nc2 e4 36. Nb4 g6 37. Nxc6+ Kf7 38. Bg4 f5 39. Be2 Nfe6 40. b4 Ke8 41. Ne5 Nf8 42. b5 Nce6 43. Kc3 Kd8 44. Kb4 Kc7 45. h4 Nd8 46. h5 gxh5 47. Bxh5 Nde6 48. Bf7 Kd8 49. Bxe6 Nxe6 50. g6 Ke7 51. b6 Kd8 52. c6 Kc8 53. b7+ Kb8 54. Nd7+ Kc7 55. b8=Q+ Kxc6 56. Ne5# 1-0


[Site "https://www.chess.com"]

[Event "Titled Tuesday Blitz January 17 Early 2023"]
[White "Horcajuelo Rocamora, Martin"]
[Black "Rohith Krishna S"]
[WhiteFideId "24573027"]
[BlackFideId "46617051"]
[WhiteElo "2107"]
[BlackElo "2385"]
[Result "0-1"]
[Round "01"]
[TimeControl "180+2"]
[Date "2023.01.17"]
[WhiteClock "0:02:21"]
[BlackClock "0:01:14"]

1. e4 e5 2. Nf3 Nc6 3. Bb5 a6 4. Ba4 Nf6 5. d3 b5 6. Bb3 Bc5 7. O-O d6 8. c3 O-O 9. Nbd2 Bb6 10. h3 Ne7 11. Re1 Ng6 12. Nf1 Nh5 13. Nxe5 Qh4 14. Nf3 Qxf2+ 15. Kh2 Nh4 16. Nxh4 Qg1# 0-1


[Site "https://www.chess.com"]

[Event "Titled Tuesday Blitz January 17 Early 2023"]
[White "Kobalia, Mikhail"]
[Black "Albertini, Luca"]
[WhiteFideId "4119150"]
[BlackFideId "847038"]
[WhiteElo "2578"]
[BlackElo "2084"]
[Result "1-0"]
[Round "01"]
[TimeControl "180+2"]
[Date "2023.01.17"]
[WhiteClock "0:01:28"]
[BlackClock "0:00:10"]

1. e4 e5 2. Nf3 Nc6 3. Bb5 a6 4. Ba4 Nf6 5. O-O b5 6. Bb3 Be7 7. d3 O-O 8. a4 b4 9. Nbd2 d6 10. a5 Be6 11. Nc4 Nd7 12. Be3 Kh8 13. h3 f5 14. Ncxe5 Ncxe5 15. Nxe5 Nxe5 16. Bxe6 f4 17. Bd2 f3 18. g3 Bg5 19. d4 Ng6 20. Bg4 Bxd2 21. Qxd2 Qf6 22. Rfe1 Rab8 23. Rad1 Qg5 24. Qxg5 1-0


[Site "https://www.chess.com"]

[Event "Titled Tuesday Blitz January 17 Early 2023"]
[White "Zherebtsova, Alexandra"]
[Black "Atabayev, Saparmyrat"]
[WhiteFideId "24129518"]
[BlackFideId "14000571"]
[WhiteElo "2155"]
[BlackElo "2448"]
[Result "0-1"]
[Round "01"]
[TimeControl "180+2"]
[Date "2023.01.17"]
[WhiteClock "0:00:08"]
[BlackClock "0:01:28"]

1. d4 Nf6 2. Nf3 g6 3. c4 Bg7 4. Nc3 d5 5. e3 O-O 6. Qb3 c6 7. Bd2 dxc4 8. Bxc4 b5 9. Be2 a5 10. O-O a4 11. Qc2 Na6 12. a3 Be6 13. Na2 Rc8 14. Nb4 Bb3 15. Qb1 Qb6 16. Nxa6 Qxa6 17. Bb4 Rfe8 18. Nd2 Be6 19. Rc1 Bf5 20. e4 Bd7 21. Nf3 Nh5 22. Bf1 Qa7 23. Rc5 Nf4 24. Qc2 Ne6 25. Ne5 Nxc5 26. Bxc5 Qc7 27. f4 f6 28. Nd3 Be6 29. g4 Bxg4 30. Qg2 Be6 31. f5 Bf7 32. Be2 e6 33. fxg6 hxg6 34. Rf1 Rcd8 35. e5 fxe5 36. Nxe5 Bxe5 37. dxe5 Qxe5 38. Bb6 Rd2 39. Rf2 Qxb2 40. Ba5 Qa1+ 41. Rf1 Qd4+ 42. Rf2 Rxe2 0-1


[Site "https://www.chess.com"]

[Event "Titled Tuesday Blitz January 17 Early 2023"]
[White "Nazari, Arad"]
[Black "Sonnenschein, Philipp"]
[WhiteFideId "12577324"]
[BlackFideId "16250877"]
[WhiteElo "2367"]
[BlackElo "2224"]
[Result "1-0"]
[Round "01"]
[TimeControl "180+2"]
[Date "2023.01.17"]
[WhiteClock "0:00:09"]
[BlackClock "0:00:06"]

1. e4 c6 2. Nf3 d5 3. Nc3 Bg4 4. h3 Bxf3 5. Qxf3 e6 6. Be2 Nd7 7. O-O Bd6 8. d4 dxe4 9. Nxe4 Be7 10. Bd3 Ngf6 11. Nxf6+ Nxf6 12. c3 O-O 13. a4 a5 14. Bf4 Qb6 15. Qe2 Rad8 16. Be5 Nd7 17. Bg3 Nf6 18. Rad1 Bd6 19. Bh4 Be7 20. Rfe1 c5 21. Bxf6 Bxf6 22. Qh5 g6 23. Qxc5 Qxc5 24. dxc5 Rc8 25. Be4 Rc7 26. Re3 Be7 27. b4 Ra8 28. Bc2 axb4 29. cxb4 b6 30. c6 Bxb4 31. Rd7 Rxc6 32. Be4 Rc1+ 33. Kh2 Rxa4 34. Rf3 f5 35. Bb7 Bc5 36. Rfd3 Rcc4 37. Rc7 Rd4 38. Re3 Rd6 39. Re2 Ra7 40. f4 b5 41. Rb2 Bb6 42. Rc8+ Kf7 43. Bf3 Rc7 44. Rb8 Bc5 45. R8xb5 Be3 46. R5b4 Rd4 47. Rxd4 Bxd4 48. Re2 Rc4 49. g3 Bc5 50. Ra2 Bd6 51. Kg2 Kf6 52. Ra6 Rd4 53. Kf2 Rd2+ 54. Ke3 Rh2 55. Rxd6 Rxh3 56. Kf2 Rh1 57. Bxh1 1-0


[Site "https://www.chess.com"]

[Event "Titled Tuesday Blitz January 17 Early 2023"]
[White "Batsiashvili, Nino"]
[Black "Gurvich, Vitaly"]
[WhiteFideId "13602993"]
[BlackFideId "24164852"]
[WhiteElo "2467"]
[BlackElo "2278"]
[Result "0-1"]
[Round "01"]
[TimeControl "180+2"]
[Date "2023.01.17"]
[WhiteClock "0:00:14"]
[BlackClock "0:00:52"]

1. d4 Nf6 2. c4 g6 3. Nc3 d5 4. cxd5 Nxd5 5. e4 Nxc3 6. bxc3 Bg7 7. Be3 O-O 8. Bc4 c5 9. Ne2 Qa5 10. O-O cxd4 11. cxd4 Nc6 12. d5 Ne5 13. Bb3 Bd7 14. Nd4 Ng4 15. Bg5 Qb4 16. Nc2 Qd6 17. g3 Bxa1 18. Qxa1 Rfc8 19. Kg2 a5 20. Ne3 a4 21. Bd1 Nxe3+ 22. Bxe3 Qb4 23. Bd4 Bb5 24. Bg4 Bxf1+ 25. Kxf1 Rc4 26. Bh8 f6 27. Bxf6 Rxe4 28. Bh8 Qe1+ 29. Qxe1 Rxe1+ 30. Kxe1 Kxh8 31. Kd2 Kg7 32. f4 Kf6 33. Kd3 Ra6 34. Bd1 a3 35. Bb3 Rb6 36. Kc3 g5 37. fxg5+ Kxg5 38. h3 h5 39. Kc4 Rf6 40. Kb4 Rf3 41. Kxa3 Rxg3 42. Kb4 Rxh3 43. Kb5 Re3 44. Kb6 h4 45. Kxb7 h3 46. d6 exd6 47. Bd5 h2 48. a4 Re1 49. a5 h1=Q 50. Bxh1 Rxh1 51. a6 d5 52. a7 Rh7+ 53. Kb6 Rxa7 0-1


[Site "https://www.chess.com"]

[Event "Titled Tuesday Blitz January 17 Early 2023"]
[White "Rakotomaharo, Fy Antenaina"]
[Black "Forgacs, Attila Jr."]
[WhiteFideId "13100050"]
[BlackFideId "773654"]
[WhiteElo "2459"]
[BlackElo "2264"]
[Result "1-0"]
[Round "01"]
[TimeControl "180+2"]
[Date "2023.01.17"]
[WhiteClock "0:01:29"]
[BlackClock "0:00:13"]

1. e4 e5 2. Nf3 Nc6 3. Nc3 Nf6 4. h3 d5 5. exd5 Nxd5 6. Bb5 Nxc3 7. bxc3 Bd6 8. O-O O-O 9. d4 exd4 10. cxd4 Bf5 11. c3 Qf6 12. Re1 h6 13. a4 a6 14. Bd3 Rfe8 15. Be3 Ne7 16. c4 Bxd3 17. Qxd3 Nf5 18. c5 Bf8 19. Bf4 c6 20. Be5 Qg6 21. Rab1 Re7 22. Bh2 Rxe1+ 23. Rxe1 Rd8 24. Qe4 Ne7 25. Qxg6 Nxg6 26. Rb1 Rd7 27. g4 f6 28. h4 Kf7 29. h5 Ne7 30. Kf1 Nd5 31. Rb3 Be7 32. Ke2 Bd8 33. Kd3 Ba5 34. Kc4 Ke6 35. Nh4 Ne7 36. Bd6 Bc7 37. Bxe7 Rxe7 38. Nf5 Rd7 39. Re3+ Kf7 40. f3 Bf4 41. Rb3 Bd2 42. Kd3 Bf4 43. Ke4 Bb8 44. Rd3 Bc7 45. d5 cxd5+ 46. Rxd5 Rxd5 47. Kxd5 Bb8 48. Nd6+ Bxd6 49. Kxd6 f5 50. Kc7 fxg4 51. fxg4 Ke6 52. Kxb7 Kd5 53. c6 Kc5 54. c7 g5 55. hxg6 h5 56. gxh5 Kb4 57. g7 Ka5 58. g8=Q Kb4 59. c8=Q Ka5 60. Qc5+ Kxa4 61. Qa2# 1-0


[Site "https://www.chess.com"]